AoeStats
← Beerfully

Nomad

509971500Analyzed
4v4 RM · 3d ago on Sep 28, 2026· 61m 39s· 8 players
Game mode
Random Map
Map size
231×231
Population
200
Speed
Normal
Resources
Standard
Victory
Conquest
Starting age
Dark Age
Ending age
Imperial Age
RankedLock teamsTeams togetherTeam positionsShared explorationLock speedFull tech treeHidden civsTurbo modeCheats
Victory
Defeat
🇵🇪 Berbers · Peru
1459
+11
🇦🇷 Japanese · Argentina
1389
+13
🇬🇧 Varangians · United Kingdom
1362
+14
🇨🇦 Danes · Canada
1243
+18
🇨🇱 Varangians · Chile
1352
-15
🇨🇱 Vietnamese · Chile
1347
-15
🇨🇱 Dravidians · Chile
1328
-14
🇨🇱 Italians · Chile
1275
-12
rizz
4:29 Loom
14:13 Feudal Age
17:10 Double-Bit Axe
18:40 Fishing Lines
21:06 Castle Age
19:33 Stone Mining
21:42 Fletching
21:54 Town Watch
22:45 Wheelbarrow
22:55 Bodkin Arrow
23:39 Medium Warships
27:14 Scale Barding Armor
29:05 Husbandry
29:16 Bloodlines
35:04 Horse Collar
38:28 Hand Cart
43:10 Gillnets
44:01 Gold Mining
50:19 Imperial Age
48:20 Hand Cart
50:01 Stone Shaft Mining
50:29 Capped Ram
52:19 Onager
53:51 Siege Ram
55:33 Cavalier
57:36 Chain Barding Armor
57:27 Forging
59:57 Plate Barding Armor
60:15 Vendel Legacy
61:15 Conscription
61:19 Bow Saw
61:11 Heavy Plow
Juanki
4:00 Loom
14:43 Feudal Age
18:41 Castle Age
18:06 Wheelbarrow
19:49 Fishing Lines
23:24 Town Watch
28:10 Double-Bit Axe
28:32 Gillnets
33:38 Gold Mining
33:39 Stone Mining
34:37 Hand Cart
34:33 Bow Saw
35:51 Gold Shaft Mining
35:07 Stone Mining
35:02 Horse Collar
39:42 Imperial Age
37:30 Murder Holes
37:33 Stone Mining
38:12 Thumb Ring
37:28 Elite Skirmisher
38:33 Fletching
38:50 Padded Archer Armor
38:52 Scale Mail Armor
38:19 Elite Skirmisher
39:32 Yasama
40:02 Guard Tower
40:42 Ballistics
41:25 Chemistry
40:55 Conscription
41:23 Leather Archer Armor
41:10 Bodkin Arrow
42:25 Kataparuto
42:50 Bracer
43:21 Ring Archer Armor
43:06 Chain Mail Armor
43:48 Squires
43:33 Arson
44:31 Keep
43:37 Treadmill Crane
44:23 Masonry
43:48 Elite Samurai
46:52 Chain Mail Armor
46:48 Forging
48:25 Capped Ram
53:30 Iron Casting
53:25 Plate Mail Armor
56:09 Siege Engineers
57:01 Pikeman
60:09 Blast Furnace
58:37 Halberdier
ElTitanSargeras
4:26 Loom
13:45 Feudal Age
18:04 Castle Age
18:53 Fletching
19:55 Bodkin Arrow
24:55 Double-Bit Axe
26:57 Ballistics
27:27 Bow Saw
31:50 Wheelbarrow
36:44 Imperial Age
35:17 Stone Mining
35:19 Gold Mining
36:50 Padded Archer Armor
38:18 Bracer
40:16 Chemistry
39:44 Leather Archer Armor
39:40 Bloodlines
39:31 Husbandry
41:08 Ring Archer Armor
40:25 Elite Genitour
41:48 Thumb Ring
54:35 Horse Collar
55:16 Medium Warships
59:10 Hand Cart
59:50 Heavy Plow
60:54 Elite Camel Archer
61:46 Scale Barding Armor
61:52 Forging
EightyNine
4:13 Loom
14:11 Feudal Age
15:55 Double-Bit Axe
18:17 Castle Age
15:59 Horse Collar
19:35 Bow Saw
20:52 Scale Mail Armor
21:14 Forging
22:39 Arson
24:02 Squires
27:05 Chain Mail Armor
32:45 Wheelbarrow
35:42 Imperial Age
34:34 Hand Cart
34:07 Town Watch
34:59 Fletching
36:42 Heavy Plow
36:49 Heavy Mounted Crossbowman
37:29 Bodkin Arrow
38:21 Cranequins
39:08 Thumb Ring
39:06 Bracer
40:33 Ballistics
41:14 Chemistry
40:59 Padded Archer Armor
41:55 Conscription
42:54 Leather Archer Armor
42:59 Masonry
43:31 Hoardings
44:34 Ring Archer Armor
46:55 Siege Engineers
52:12 Coinage
53:25 Northmen's Fury
57:16 Murder Holes
Beerfully
5:38 Loom
13:09 Feudal Age
13:40 Double-Bit Axe
17:40 Castle Age
16:30 Fletching
16:48 Gold Mining
18:33 Medium Warships
18:23 Bodkin Arrow
24:56 Stone Mining
25:59 Elite Skirmisher
29:59 Ballistics
33:09 Imperial Age
30:48 Horse Collar
32:43 Padded Archer Armor
34:00 Wheelbarrow
34:06 Bracer
36:40 Conscription
37:18 Thumb Ring
38:33 Leather Archer Armor
40:40 Chemistry
40:23 Squires
41:02 Scale Mail Armor
41:30 Forging
42:03 Masonry
42:15 Chain Mail Armor
41:50 Gambesons
45:52 Town Watch
48:05 Imperial Skirmisher
56:40 Ring Archer Armor
Julio_15
9:33 Loom
13:05 Feudal Age
13:49 Double-Bit Axe
17:41 Castle Age
15:40 Fishing Lines
17:09 Fletching
17:23 Gold Mining
18:57 Bow Saw
22:18 Bodkin Arrow
23:23 Ballistics
24:16 Horse Collar
25:44 Padded Archer Armor
27:40 Wheelbarrow
26:50 Town Watch
27:42 Stone Mining
28:30 Thumb Ring
31:37 Murder Holes
35:25 Imperial Age
34:05 Masonry
34:16 Crossbowman
36:01 Hand Cart
37:22 Chemistry
36:25 Bracer
37:41 Herbal Medicine
38:03 Heavy Plow
37:53 Arbalester
39:38 Leather Archer Armor
39:14 Elite Skirmisher
41:38 Siege Engineers
43:27 Two-Man Saw
42:30 Scale Mail Armor
42:40 Forging
43:48 Ring Archer Armor
43:42 Paper Money
43:20 Imperial Skirmisher
44:50 Squires
45:30 Chain Mail Armor
45:50 Iron Casting
48:20 Chatras
48:38 Scale Barding Armor
49:05 Plate Mail Armor
49:59 Bloodlines
49:10 Elite Battle Elephant
50:54 Hoardings
50:26 Husbandry
52:11 Chain Barding Armor
53:31 Plate Barding Armor
56:10 Light Cavalry
Kirintor
5:23 Loom
14:33 Feudal Age
18:53 Castle Age
16:54 Double-Bit Axe
18:01 Fletching
22:46 Bow Saw
23:57 Scale Barding Armor
24:03 Forging
27:10 Wheelbarrow
28:13 Town Watch
33:53 Hand Cart
34:06 Gold Mining
34:06 Stone Mining
35:43 Bodkin Arrow
41:17 Imperial Age
39:55 Horse Collar
40:16 Town Patrol
41:16 Chain Barding Armor
41:32 Iron Casting
42:35 Conscription
43:33 Bracer
44:09 Plate Barding Armor
43:26 Vendel Legacy
45:26 Two-Man Saw
46:36 Blast Furnace
46:18 Cavalier
47:09 Bloodlines
47:46 Husbandry
49:56 Light Cavalry
53:18 Heavy Plow
58:31 Hussar
MurdeRgg
7:05 Loom
11:33 Feudal Age
12:09 Double-Bit Axe
20:56 Castle Age
28:52 Fletching
29:03 Padded Archer Armor
29:50 Bodkin Arrow
31:09 Leather Archer Armor
34:47 Ballistics
36:16 Gold Mining
39:30 Wheelbarrow
38:40 Town Watch
44:51 Imperial Age
46:48 Chemistry
45:50 Bracer
51:10 Forging
51:00 Scale Mail Armor
53:05 Iron Casting
53:01 Thumb Ring
53:58 Arson
56:09 Horse Collar
58:56 Ring Archer Armor
58:42 Chain Mail Armor
Connection lost

Rejoining the realm…

Still unreachable

The connection could not be restored.

Session expired

The server has moved on; the page needs a fresh start.